[Event "Czech Open-Rapid 2022"]
[Site "Pardubice"]
[Date "2022.07.20"]
[Round "2.28"]
[White "Kuznecova, Marija"]
[Black "Sir, Zbynek"]
[Result "1/2-1/2"]
[ECO "B35"]
[WhiteElo "1755"]
[BlackElo "2199"]
[Annotator "TA"]
[PlyCount "80"]
[EventDate "2022.07.20"]
[EventType "swiss"]
[EventCountry "CZE"]
[SourceTitle "playchess.com"]
[Source "ChessBase"]
[SourceQuality "1"]
[TimeControl "1200+10"]

1. e4 c5 2. Nf3 Nc6 3. d4 cxd4 4. Nxd4 Nf6 5. Nc3 g6 6. Be3 Bg7 7. Bc4 O-O 8. Bb3 a6 9. f3 {[%emt 0:00:42] B35: Sicilian: Accelerated Dragon with 5 Nc3: main line.} Nxd4 10. Bxd4 ({Much weaker is} 10. Qxd4 Ng4 $1 11. Qd3 Nxe3 12. Qxe3 e6 $15) 10... b5 11. Qd2 {[%emt 0:01:39] White is slightly better.} d6 12. h4 h5 13. g4 {[%emt 0:01:12] White is more active.} e5 (13... e6 $16 {is a better defense.}) 14. Be3 $18 hxg4 {[%emt 0:00:09] [#]} 15. h5 $146 ({Predecessor:} 15. O-O-O gxf3 16. h5 Nxh5 17. Nd5 Kh7 18. Rdg1 Rb8 19. Rxh5+ gxh5 20. Qh2 Rh8 21. Bg5 f2 22. Qxf2 Qd7 23. Nf6+ Bxf6 24. Qxf6 {1-0 (24) Milliet,S (2411)-Arbunic Castro,G (2098) Istanbul 2012}) 15... Nxh5 (15... gxh5 $2 16. Bh6 Be6 17. O-O-O $18) 16. O-O-O (16. Nd5 $1 $18 gxf3 17. Bg5) 16... g3 $14 17. Rdg1 {[%emt 0:03:35][%cal Oh1h5] Threatens to win with Rxh5!} Be6 18. Bg5 {[%emt 0:02:29] Prevents Qf6.} ({White should play} 18. Nd5 $14) 18... Qd7 {[%emt 0:05:46] [#]} (18... Bf6 $15 {stays ahead.} 19. Be3 Rb8) 19. Rxh5 $1 $16 gxh5 (19... Bxb3 $16 20. axb3 gxh5) 20. Rxg3 $18 {[%emt 0:00:02] White wants to mate with Bf6.} f6 21. Bh6 Rf7 {[%emt 0:00:07] [#]} 22. Nd5 $1 {[%emt 0:00:10] Black must now prevent Bxg7.} Kf8 {[%emt 0:01:05] [#]} (22... h4 23. Rg6 (23. Rxg7+ Rxg7 24. Nxf6+ Kh8 $15) 23... Qa7) 23. Nxf6 $1 {[%emt 0:02:08][%mdl 576] Decoy} Rxf6 24. Bxg7+ $2 (24. Rxg7 $18 Qxg7 25. Qxd6+ (25. Bxg7+ Kxg7 26. Qg5+ Kf7 $14) 25... Kg8 26. Bxg7 Kxg7 27. Bxe6) 24... Qxg7 $14 25. Rxg7 Kxg7 26. Qg5+ Kf7 $1 27. Qxh5+ Ke7 28. Qh7+ Rf7 29. Qh4+ Kd7 30. Bxe6+ (30. Bd5 $5 Rb8 31. a3 $16) 30... Kxe6 {[%emt 0:00:01][%mdl 4096] Endgame KQ-KRR} 31. Qg4+ Ke7 32. Kd2 Raf8 33. Ke3 Rf4 34. Qg5+ Kd7 35. Qh5 Kc6 36. b4 Kd7 37. Ke2 Kc6 38. Qh3 Kc7 39. Qh7+ R8f7 40. Qh3 Rf8 {White really could win this.  Weighted Error Value: White=0.32/Black=0.26 (precise)} 1/2-1/2

[Event "Czech Open-Rapid 2022"]
[Site "Pardubice"]
[Date "2022.07.20"]
[Round "2.29"]
[White "Franc, Lubor"]
[Black "Silar, Lubomir"]
[Result "0-1"]
[ECO "B32"]
[WhiteElo "1747"]
[BlackElo "1993"]
[Annotator "TA"]
[PlyCount "96"]
[EventDate "2022.07.20"]
[EventType "swiss"]
[EventCountry "CZE"]
[SourceTitle "playchess.com"]
[Source "ChessBase"]
[SourceQuality "1"]
[TimeControl "1200+10"]

1. e4 c5 2. Nf3 Nc6 3. d4 cxd4 4. Nxd4 e5 5. Nb3 Nf6 6. Nc3 Be7 7. g3 d6 8. h3 {[%emt 0:00:51] B56: Classical Sicilian: Unusual Lines.} Be6 9. Bg2 a6 10. O-O {[%emt 0:01:21] [#] The position is equal.} O-O $146 ({Predecessor:} 10... Rc8 11. Be3 Na5 12. Nxa5 Qxa5 13. Qd2 Qc7 14. Rfc1 O-O 15. Nd5 Bxd5 16. exd5 Nd7 {1-0 (43) Arrieta Restrepo,S (1949)-Ruiperez Gumiel,R (1873) Aragon 2019}) 11. Nd5 Bxd5 12. exd5 Nb8 13. a4 b6 14. Be3 Nbd7 15. Nd2 Rc8 16. c3 Qc7 17. Qe2 Qb7 18. c4 Ne8 (18... a5 $1 $11) 19. b3 (19. b4 $16) 19... g6 20. Rab1 ({White should play} 20. a5 $16) 20... Ng7 21. Bh6 (21. b4 $5 Qc7 22. Bh6 $14) 21... Rfe8 22. Ne4 (22. g4 $14) 22... Nc5 (22... Nf5 $11 23. Be3 Nc5) 23. Nxc5 bxc5 24. Be3 (24. Be4 $11) 24... Nf5 $15 25. g4 Nxe3 26. Qxe3 Bf6 27. Be4 a5 (27... Bh4 $17) 28. g5 $11 Bg7 29. h4 Qe7 30. Bg2 (30. h5 $1 $14) 30... Rb8 (30... f5 {is interesting.} 31. gxf6 Bxf6 32. f4 exf4 33. Qxe7 Bd4+) 31. Rfe1 ({White should try} 31. Be4) 31... Rb4 (31... f5 $17 {Threatens to win with ...e4.} 32. gxf6 Bxf6) 32. Qd3 f5 33. f4 $2 {[%emt 0:00:18] [#] White does not recover from this.} (33. gxf6 $17 Bxf6 34. h5) 33... e4 $19 34. Qc2 Reb8 35. Kh1 (35. h5 {is a better defense.}) 35... Qb7 36. Bxe4 fxe4 37. Qxe4 Qf7 38. Re3 Bd4 39. Rf3 Re8 40. Qd3 Qf5 41. Qf1 (41. Qxf5 $142 gxf5 42. Kh2) 41... Rb7 {[%emt 0:00:41] [#] ( -> ...Rbe7)} 42. Re1 Rbe7 43. Rxe7 Rxe7 44. Kh2 Qg4 45. f5 Qxh4+ {[%emt 0:00:23] Black mates.} 46. Rh3 Be5+ 47. Kh1 Qe4+ 48. Kg1 gxf5 {[%emt 0:00:15] Weighted Error Value: White=0.82/Black=0.37} 0-1

[Event "Czech Open-Rapid 2022"]
[Site "Pardubice"]
[Date "2022.07.20"]
[Round "2.30"]
[White "Schatz, Christian"]
[Black "Freibergs, Andrejs"]
[Result "1/2-1/2"]
[ECO "A05"]
[WhiteElo "2137"]
[BlackElo "1574"]
[Annotator "TA"]
[PlyCount "87"]
[EventDate "2022.07.20"]
[EventType "swiss"]
[EventCountry "CZE"]
[SourceTitle "playchess.com"]
[Source "ChessBase"]
[SourceQuality "1"]
[TimeControl "1200+10"]

1. Nf3 Nf6 2. c4 g6 3. Nc3 Bg7 4. g3 O-O 5. Bg2 c5 6. O-O d6 7. d4 cxd4 8. Nxd4 Nc6 9. b3 Nxd4 10. Qxd4 Qa5 11. Bb2 Ng4 12. Qd2 Qh5 13. h3 Nf6 {[%emt 0:00:14] E60: King's Indian: Unusual lines and Fianchetto Variation without Nc3.} 14. Nd5 (14. h4 $16) 14... Nxd5 $11 15. Bxg7 (15. g4 {is more complex.} Qh4 16. Bxg7 Kxg7 17. cxd5 f5 18. Rac1) 15... Kxg7 16. Qxd5 Qxd5 17. cxd5 Bd7 18. Rfc1 Rac8 {[%emt 0:00:13] Against Rc7} 19. f4 Rxc1+ 20. Rxc1 {[%emt 0:00:01] And now Rc7 would win.} Rc8 {[%emt 0:00:01] Inhibits Rc7.} 21. Rxc8 Bxc8 {[%emt 0:00:01][%mdl 4096] Endgame KB-KB} 22. Kf2 h5 {[%emt 0:00:33] [#]} 23. e4 $146 ({Predecessor:} 23. h4 Kf8 24. Ke3 Ke8 25. Kd4 Kd8 26. b4 Bd7 27. Be4 Bc8 28. Bd3 Bd7 29. e4 {½-½ (38) Van Riemsdijk,D (2250)-Lourenco,L Sao Paulo 1998}) 23... Kf6 24. h4 Bg4 25. Ke3 e5 26. dxe6 fxe6 {[%emt 0:00:32] [#]} (26... Kxe6 $14 27. Bf1 Kf6) 27. Kd4 $2 (27. e5+ $1 $18 dxe5 28. Bxb7) 27... Ke7 28. Bf1 Kd7 29. Bd3 Ke7 30. e5 Bf5 31. exd6+ Kxd6 32. Be4 b6 33. b4 {[%emt 0:01:06] [#] aiming for b5.} a6 34. a3 Bxe4 {[%emt 0:00:53] The position is equal.} 35. Kxe4 {[%emt 0:00:03] KP-KP} b5 36. Kd4 Kd7 $1 37. Ke3 Kc6 38. Ke4 {[%emt 0:01:23] Ke5 is the strong threat.} Kd6 39. Kd4 Kd7 $1 40. Ke5 {[%emt 0:01:31] Strongly threatening Kf6.} Ke7 41. Kd4 Kd6 42. Ke4 Kd7 $1 43. Kd4 Kd6 44. Ke4 {[%emt 0:00:02] Weighted Error Value: White=0.22 (precise) /Black=0.19 (very precise)} 1/2-1/2

[Event "Czech Open-Rapid 2022"]
[Site "Pardubice"]
[Date "2022.07.20"]
[Round "2.31"]
[White "Brozka, Karel"]
[Black "Gressmann, Moritz"]
[Result "0-1"]
[ECO "A48"]
[WhiteElo "2188"]
[BlackElo "2114"]
[Annotator "TA"]
[PlyCount "54"]
[EventDate "2022.07.20"]
[EventType "swiss"]
[EventCountry "CZE"]
[SourceTitle "playchess.com"]
[Source "ChessBase"]
[SourceQuality "1"]
[TimeControl "1200+10"]

1. d4 Nf6 2. Nf3 g6 3. Bf4 Bg7 4. e3 O-O 5. c4 c5 6. Nc3 {[%emt 0:00:02] A48: 1 d4 Nf6 2 Nf3 g6: Torre, London and Colle Systems.} (6. dxc5 Na6 $15) 6... b6 (6... cxd4 $11 7. exd4 (7. Nxd4 d6 $11) 7... d5) 7. Be2 Bb7 8. O-O {[%emt 0:00:03] White is slightly better.} cxd4 9. exd4 (9. Qxd4 Nh5 10. Qd2 Nxf4 11. exf4 Nc6 $15) 9... d5 10. Rc1 Nc6 {[%emt 0:01:04][%cal Bb8c6,Bc6d4,Bd4e6][%mdl 32] [#]} 11. c5 $146 (11. b3 $11 {remains equal.}) ({Predecessor:} 11. Re1 Rc8 12. b3 dxc4 13. bxc4 Na5 14. Ne5 Nd7 15. Nb5 a6 16. Na3 Nxe5 17. Bxe5 Bxe5 18. dxe5 {0-1 (47) Silva,M (1935)-Cubas,J (2469) Florianopolis 2022}) 11... Nh5 {[%emt 0:00:15] White is now going downhill.} 12. Be3 bxc5 13. dxc5 (13. Na4 $17) 13... d4 $19 14. Nxd4 Nxd4 ({Not} 14... Bxd4 15. Bxh5 gxh5 16. Qxh5 $17) 15. Bxh5 gxh5 16. Qxh5 Ne6 17. Rfd1 Qc7 18. Nd5 Bxd5 19. Rxd5 Nf4 20. Bxf4 Qxf4 21. Rcd1 e6 ({And not} 21... Bxb2 22. g3 Qe4 23. Qg5+ Kh8 24. Qd2) 22. R5d3 Rac8 ({But not} 22... Bxb2 $2 23. Rh3 Qf5 24. Rg3+ Kh8 25. Qxf5 exf5 26. Kf1 $19) 23. Rg3 Kh8 24. Rg4 {[%emt 0:00:36] [#]} (24. b4 $142) 24... Rxc5 $3 25. Qxc5 (25. Rxf4 Rxh5) 25... Qxg4 26. Rd7 Qa4 27. b4 $2 (27. Qxa7 Qxa7 28. Rxa7) 27... Qxd7 {[%emt 0:00:03] Weighted Error Value: White=0.60/Black=0.14 (very precise)} 0-1

[Event "Czech Open-Rapid 2022"]
[Site "Pardubice"]
[Date "2022.07.20"]
[Round "2.32"]
[White "Polak, Benedikt"]
[Black "Hon, Jiri"]
[Result "1-0"]
[ECO "A16"]
[WhiteElo "2120"]
[BlackElo "1778"]
[Annotator "TA"]
[PlyCount "50"]
[EventDate "2022.07.20"]
[EventType "swiss"]
[EventCountry "CZE"]
[SourceTitle "playchess.com"]
[Source "ChessBase"]
[SourceQuality "1"]
[TimeControl "1200+10"]

1. c4 Nf6 2. Nc3 g6 3. e4 d6 4. g3 Bg7 5. Bg2 c6 6. Nge2 O-O 7. O-O a6 8. d4 {[%emt 0:00:26] has lost popularity (8.a4).} b5 {[%emt 0:00:11] E72: King's Indian: 4 e4 d6 5 g3.} 9. b3 {[%emt 0:00:38] [#]} Qc7 $146 ({Predecessor:} 9... e5 10. h3 Re8 11. dxe5 dxe5 12. Qc2 Be6 13. c5 Nfd7 14. Be3 a5 15. Nxb5 cxb5 {0-1 (44) Popovic,N (2258)-Nikolov,S (2317) Belgrade 2019}) 10. h3 Bb7 {[%emt 0:00:02] The position is equal.} 11. Be3 Nbd7 12. Rc1 Qa5 13. Qd2 Rfd8 14. f4 e5 15. fxe5 dxe5 16. d5 bxc4 17. bxc4 Bf8 (17... Rac8 $11) 18. Bg5 {[%emt 0:03:53] White is more active.} Bg7 19. Kh2 Qc5 {[%emt 0:01:55] Loses the game.} ({Black should play} 19... Rdc8 $14) 20. Na4 $36 {[%emt 0:02:43][%cal Bc3a4,Ba4b6,Bb6d7][%mdl 2080] White is in control.} Qf8 (20... Qd6 $142 21. c5 Qf8) 21. Rb1 Rab8 22. Nb6 Re8 $2 (22... cxd5 23. Nxd7 (23. exd5 Nxb6 24. Rxb6 Nd7 $18) (23. cxd5 Re8 $16) (23. Nxd5 Bxd5 24. cxd5 h6 $14) 23... Nxd7) 23. Nxd7 {[%emt 0:00:15] White is clearly winning.} Nxd7 {[%emt 0:00:02] [#]} 24. Rxb7 Ra8 (24... Rxb7 $142 25. dxc6 Nc5 26. cxb7 Rb8) 25. Rbb1 Reb8 {Weighted Error Value: White=0.34/Black=0.48} 1-0

[Event "Czech Open-Rapid 2022"]
[Site "Pardubice"]
[Date "2022.07.20"]
[Round "2.33"]
[White "Ibrahim, Emad Eldin"]
[Black "Savitha Shri B"]
[Result "0-1"]
[ECO "B23"]
[WhiteElo "2028"]
[BlackElo "2278"]
[Annotator "TA"]
[PlyCount "130"]
[EventDate "2022.07.20"]
[EventType "swiss"]
[EventCountry "CZE"]
[SourceTitle "playchess.com"]
[Source "ChessBase"]
[SourceQuality "1"]
[TimeControl "1200+10"]

1. e4 c5 2. Nc3 Nc6 3. f4 d6 4. Nf3 g6 5. Bb5 Bg7 6. Bxc6+ bxc6 7. d3 e6 8. O-O Ne7 9. Qe1 Ba6 {[%emt 0:00:23] B23: Closed Sicilian: Lines without g3.} 10. b3 Rb8 (10... f5 $16) 11. Bd2 O-O {[%emt 0:00:35] White is clearly better.} 12. Rd1 {[%emt 0:00:03] [#]} (12. e5 $142) 12... Qc8 $146 (12... f5 $16) ({Predecessor:} 12... Re8 13. Ng5 h6 14. Nf3 Nc8 15. e5 d5 16. Na4 Qe7 17. Be3 d4 18. Bc1 Nb6 {0-1 (66) Vicedo Navau,C (1887)-Martinez Perez,P (1972) Santa Eulalia de Roncana 2014}) 13. e5 $18 d5 14. Na4 c4 15. dxc4 (15. Bb4 $18 Re8 16. dxc4) 15... dxc4 16. Bb4 Re8 17. Rf2 $1 Nd5 (17... c5 $142 18. Bxc5 (18. Nxc5 Nd5 $16) 18... Qb7) 18. Bd6 Ra8 19. Ng5 Rd8 20. Nc5 cxb3 $2 (20... Bb5 21. Nge4 a5) 21. axb3 Bb7 22. c4 Nc7 (22... h6 $142 23. cxd5 cxd5) 23. Rfd2 Na6 24. Nge4 (24. Qh4 $142 h6 25. Nxf7 $1 ) 24... Re8 (24... Nxc5 $142 25. Nxc5 (25. Bxc5 Qc7 $18) 25... Re8) 25. Qh4 h6 26. Nxa6 Bxa6 27. Bc5 Qb7 28. Rd7 (28. b4 $142 {Rd7 is the strong threat.} h5 29. Rd7) 28... Qxb3 29. Nf6+ Kh8 30. Nxe8 Rxe8 31. Be7 {[%emt 0:01:18] Threatens to win with Bf6.} Kg8 32. Bf6 {[%emt 0:01:11] And now Bxg7 would win.} Bf8 33. Qg4 $2 (33. h3 $18) 33... Bxc4 $11 34. h4 $1 h5 $36 {[%emt 0:00:07][%mdl 2048] Black has good play.} 35. Qg5 (35. Qh3 $11 {keeps the balance.} Qxh3 36. gxh3 Bc5+ 37. Kh2) 35... Bd5 $17 {[%emt 0:00:03] The board is on fire. This bishop pair is nice.} 36. Rf1 (36. Ra1 $15) 36... a5 ({Black should play} 36... Qc4 $1 $19 {( -> ...Bc5+)} 37. Re1 Qc2) 37. Bd8 (37. Kh2 $2 a4 38. Rf2 Qb6 $19) (37. Be7 $1 $15) 37... Qc2 $19 38. Bxa5 $2 {[%emt 0:00:13] [#]} (38. Kh2 $17) 38... Qc5+ $2 (38... Bh6 $1 $19 39. Qg3 (39. Rf2 $2 Qd1+ 40. Kh2 Bxg5 $19) 39... Qc5+ 40. Qf2 Qxa5) 39. Kh2 $17 {[%emt 0:00:14][%cal Od7f7] Hoping for Rxf7!} Be7 $1 (39... Qxa5 40. Qf6 Be7 41. Rxe7 Rxe7 42. Qxe7 $11) 40. Bb6 Qb4 41. Rxe7 Qxe7 ({Better is} 41... Rxe7 $17 42. Ra1 Re8) 42. Qxe7 $15 Rxe7 $17 {[%emt 0:00:01][%mdl 4096] Endgame KRB-KRB} 43. Bc5 Rb7 44. Ra1 (44. Rf2 $15) 44... Rb2 45. Ra8+ Kh7 46. Be7 Rxg2+ 47. Kh3 {[%emt 0:00:00] [#]} g5 $1 48. fxg5 Rf2 49. Bf6 $2 (49. Ra4 $17) 49... Kg6 50. Rh8 (50. Ra5 $142) 50... c5 51. Rh6+ Kf5 52. Rxh5 $2 (52. Be7 $19 Rf3+ 53. Kg2) 52... Kf4 53. g6 Bg2+ $2 (53... Rf1 {mates} 54. Bg5+ Kf3 55. Bf4 Kxf4 56. Rf5+ exf5 57. gxf7 Rh1#) 54. Kh2 $19 Bf3+ 55. Kg1 Rg2+ ({Weaker is} 55... Bxh5 56. g7 Kf3 57. g8=Q $11) (55... fxg6 $2 56. Kxf2 gxh5 57. Be7 $19) 56. Kf1 Rxg6 ({Stronger than} 56... Bxh5 57. gxf7 Bxf7 58. Kxg2 $17) (56... fxg6 $19 {is more deadly.} 57. Rg5 Rh2 58. Rxg6 Be4) 57. Rh8 (57. Rh7 $17 {was called for.}) 57... c4 {[%emt 0:00:14][%cal Bc5c4,Bc4c3,Bc3c2][%mdl 32] Strongly threatening ...Ke3.} 58. Rc8 (58. Rf8 $142) 58... Bd5 59. h5 {[%emt 0:00:13] [#]} Rh6 (59... Rg3 $1 $19 {and Black stays clearly on top. aiming for ...Ke3.} 60. h6 Ke3) 60. Rc7 $2 (60. Rh8 $17 Rxh8 61. Bxh8) 60... Rxh5 61. Rxf7 Ke3 {[%emt 0:00:01][%cal Rh5h1] Black mates.} 62. Rg7 c3 63. Rg3+ Bf3 64. Bg5+ {[%emt 0:00:04] [#]} Rxg5 $1 65. Rxg5 c2 {[%emt 0:00:00] Weighted Error Value: White=0.97/Black=0.54} 0-1

[Event "Czech Open-Rapid 2022"]
[Site "Pardubice"]
[Date "2022.07.20"]
[Round "2.35"]
[White "Dosedel, Jiri"]
[Black "Stocek, Martin"]
[Result "1-0"]
[ECO "A00"]
[WhiteElo "2008"]
[BlackElo "1851"]
[Annotator "TA"]
[PlyCount "79"]
[EventDate "2022.07.20"]
[EventType "swiss"]
[EventCountry "CZE"]
[SourceTitle "playchess.com"]
[Source "ChessBase"]
[SourceQuality "1"]
[TimeControl "1200+10"]

1. g4 d5 2. Bg2 Bxg4 3. c4 Nd7 4. cxd5 Nb6 5. Nc3 Nf6 6. Qb3 {[%emt 0:00:09] A00: Irregular Openings.} (6. h3 $11 Bc8 7. e4) 6... Rb8 {[%emt 0:00:37] [#]} (6... e5 $15) 7. h3 $146 (7. d4 $1 $14) ({Predecessor:} 7. d3 h6 8. Bf4 g5 9. Bg3 a6 10. e4 Bg7 11. Bf3 Bd7 12. Nge2 g4 13. Bg2 {1-0 (26) Sawyer,T-Cherner,L USA 1996}) 7... Bf5 (7... Bd7 $11 {keeps the balance.}) 8. e4 $16 {[%emt 0:00:05] White is better.} Bg6 9. Nge2 Nfd7 (9... c6 $16) 10. d4 $18 {[%emt 0:00:12] And now h4 would win.} h6 (10... c5 $16 {keeps fighting.} 11. Be3 c4) 11. Bf4 a6 (11... Rc8 {is a better defense.} 12. a4 a5) 12. Rc1 {[%emt 0:00:22][%cal Oc3b5] Hoping for Nb5!} Bh7 $2 {[%emt 0:00:54] [#]} (12... Rc8 13. a4 c5) 13. O-O (13. Nb5 $142 $1 axb5 14. Bxc7) 13... g5 $2 {[%emt 0:00:01] [#]} (13... Rc8 14. a4 c5 15. dxc6 Rxc6) 14. Bh2 (14. Nb5 $142 $1 axb5 15. Bxc7) 14... f5 $2 (14... Na8 15. f4 Bg7) 15. f4 {Black must now prevent fxg5.} g4 16. e5 {[%emt 0:01:33] Inhibits Nf6. Strongly threatening hxg4.} h5 17. h4 Bg7 18. Bg3 Bg6 19. a4 O-O (19... Nc8 $142 20. Nd1 Nd6 21. exd6 cxd6) 20. d6+ (20. a5 Na8 21. Qc4 Kh8 $18) 20... Kh8 21. dxc7 Qxc7 22. e6 Nf6 23. Nd5 Nbxd5 24. Rxc7 Nxc7 25. Rc1 ({Stronger than} 25. Bxb7 Ne4 26. Rc1 Nb5 $11) 25... Nce8 26. Qb6 ({Worse is} 26. Bxb7 Ne4 $11) 26... Nd6 27. Rc7 Nc8 (27... Nfe4 $142 28. Be1 (28. Rxe7 Nc8 $16) 28... Bf6) 28. Qb4 b5 29. a5 Rd8 30. Bf2 Ne4 (30... g3 $142 31. Bxg3 Bf8) 31. Bxe4 fxe4 32. Ng3 Nd6 33. d5 Bf6 34. Bd4 {[%emt 0:00:17] White threatens Rxe7 and mate.} Ne8 35. Rxe7 Kg8 {[%emt 0:00:06] [#]} 36. Rxe8+ $1 Bxe8 (36... Rxe8 37. Bxf6) 37. Bxf6 {[%emt 0:00:02] White mates.} Rxd5 38. Nxe4 Rc8 39. Bc3 Bg6 40. Nf6+ {[%emt 0:00:04] Black did not feel at home in the position after the opening.  Weighted Error Value: White=0.60/Black=0.70} 1-0

[Event "Czech Open-Rapid 2022"]
[Site "Pardubice"]
[Date "2022.07.20"]
[Round "2.36"]
[White "Kotlant, Tomas"]
[Black "Jonsson, Gauti Pall"]
[Result "0-1"]
[ECO "C02"]
[WhiteElo "1625"]
[BlackElo "2071"]
[Annotator "TA"]
[PlyCount "96"]
[EventDate "2022.07.20"]
[EventType "swiss"]
[EventCountry "CZE"]
[SourceTitle "playchess.com"]
[Source "ChessBase"]
[SourceQuality "1"]
[TimeControl "1200+10"]

1. e4 e6 2. d4 d5 3. e5 c5 4. c3 Nc6 5. Nf3 Nge7 6. g4 {[%emt 0:01:36] [#] C02: French: Advance Variation.} (6. Bd3 $11) 6... h5 $146 ({Predecessor:} 6... Ng6 7. Bd3 Qb6 8. a3 Qa5 9. O-O Be7 10. Be3 Qb6 11. b4 cxb4 12. axb4 Bd7 13. Nbd2 O-O {0-1 (38) Dominguez Afonso,A (1619)-Ruperez Benito,Y (1477) Madrid 2016}) 7. gxh5 (7. g5 $1 $15) 7... Nf5 8. Bh3 {[%emt 0:01:41] Black is better.} Qb6 {[%emt 0:00:45] Black is more active.} (8... Rxh5 9. Bg4 Rh7 10. Bxf5 exf5 11. dxc5 $15) 9. Bxf5 exf5 10. h6 g6 11. Qb3 Bxh6 12. Nbd2 (12. Bxh6 $15 Rxh6 13. dxc5 Qxc5 14. Nbd2) 12... cxd4 13. cxd4 Qxb3 (13... Nxd4 14. Qxb6 Nxf3+ 15. Nxf3 $17) (13... Qa6 $19 {And now ...Bf8 would win.} 14. Qa3 (14. Qxd5 $2 Be6 $19) 14... Qb5) 14. Nxb3 $17 Nb4 {[%emt 0:00:03] White must now prevent ...Nc2+.} 15. Kd1 {[%emt 0:00:46] Prevents Nc2.} Nd3 16. Ke2 Nxc1+ 17. Nxc1 Bd7 18. a4 Rc8 19. Kd3 {[%emt 0:00:40] Prevents Rc2.} (19. Nd3 $17) 19... Ke7 (19... f4 $1 $19 {and Black stays clearly on top. ...Bg4 is the strong threat.} 20. Kd2 Bg4) 20. Ne2 a6 (20... f4 $17 {aiming for ...Bf5+.} 21. Nc3 Bg4) 21. Nc3 $15 Ke6 (21... Be6 $15) 22. h4 $11 Rc4 23. b3 Rb4 24. Rab1 Rb6 25. h5 ({White should try} 25. b4 $1 $14) 25... g5 $1 (25... Bf4 $2 26. hxg6 (26. Ne2 g5 $18) 26... Rg8 27. Ne2 $18) 26. b4 $1 Rc6 {[%emt 0:00:54] Threatens to win with ...Rhc8.} 27. b5 axb5 {[%emt 0:00:08] Really sharp!} 28. Rxb5 $2 {[%emt 0:00:07] [#]} (28. Nxd5 $11 g4 29. Nf6 (29. axb5 Rcc8 $15) 29... gxf3 30. d5+ Kxe5 31. dxc6 Bxc6 32. axb5 Be4+ 33. Nxe4 fxe4+ 34. Kc4) 28... Rxc3+ $1 $19 29. Kxc3 Bxb5 30. axb5 $11 {[%emt 0:00:01][%mdl 4096] Endgame KRB-KRN} Rc8+ 31. Kd3 Rc4 $2 (31... Ra8 $17 32. Nd2 Ra3+ 33. Kc2 Ra2+ 34. Kd3 Ra3+ 35. Kc2 g4) 32. Rb1 $2 (32. Nd2 $11 {and White stays safe.} Rb4 33. Rb1 Rxb1 34. Nxb1) 32... g4 $19 33. Ne1 {[%emt 0:00:16] [#]} f4 ({Black should play} 33... Ra4 $1 $19 34. Nc2 Ra5) 34. Nc2 {[%emt 0:00:09] [#]} (34. f3 $17 {was called for.} g3 35. Ra1) 34... Ra4 $1 35. Rg1 Kf5 36. Re1 Ra5 ({Not} 36... g3 37. fxg3 fxg3 38. Ne3+ Bxe3 39. Kxe3 $17) 37. Rb1 Kg5 38. Rh1 (38. Kc3 {was worth a try.}) 38... Rxb5 39. Kc3 Ra5 40. f3 (40. Kb3 $142) 40... gxf3 {Hoping for ...Ra8.} 41. Ne1 (41. Kb4 $142 Ra6 42. Kb3) 41... Ra3+ 42. Kb4 Bf8+ 43. Kb5 f2 44. Nc2 Rb3+ 45. Ka4 Rb2 46. h6 Rxc2 47. h7 Bg7 48. Rh2 {[#]} f1=Q $1 {[%emt 0:00:11] Weighted Error Value: White=0.84/Black=0.29 (precise)} 0-1